 Dungeon Crawl Stone Soup version 0.27-a0-262-gc50aac273e (webtiles) character file.

Game seed: 13804592198077537980

11 Borgoz the Ducker (level 2, 0/25 HPs)
             Began as a Ghoul Gladiator on Feb 5, 2021.
             Slain by an adder (2 damage)
             ... on level 2 of the Dungeon.
             The game lasted 00:00:30 (815 turns).

Borgoz the Ducker (Ghoul Gladiator)                  Turns: 815, Time: 00:00:30

Health: 0/25       AC:  4    Str: 17    XL:     2   Next: 29%
Magic:  1/1        EV: 12    Int:  3    God:
Gold:   66         SH:  0    Dex: 10    Spells: 1/1 levels left

rFire    . . .     SeeInvis .   a - +0 long sword
rCold    + . .     Faith    .   (no shield)
rNeg     + + +     Spirit   .   b - +0 leather armour
rPois    ∞         Reflect  .   c - +0 helmet
rElec    .         Harm     .   (no cloak)
rCorr    .         Rampage  .   (no gloves)
Will     .....                  (no boots)
Stlth    +.........             (no amulet)
HPRegen  0.00/turn              (no ring)
MPRegen  0.07/turn              (no ring)

@: mighty
A: claws 1, cold resistance 1, negative energy resistance 3, inhibited
regeneration, torment resistance, unbreathing
a: no special abilities


You were on level 2 of the Dungeon.
You visited 1 branch of the dungeon, and saw 2 of its levels.

You collected 66 gold pieces.

Inventory:

Hand Weapons
 a - a +0 long sword (weapon)
Missiles
 d - 3 throwing nets (quivered)
Armour
 b - a +0 leather armour (worn)
 c - a +0 helmet (worn)
Scrolls
 e - a scroll of blinking {unknown}
 f - 5 scrolls of identify {unknown}
 g - 2 scrolls of teleportation {unknown}
 i - 2 scrolls of remove curse {unknown}
 j - a scroll of fog {unknown}
 k - a scroll of magic mapping {unknown}
 l - a scroll of amnesia {unknown}
 m - a scroll of fear {unknown}
Potions
 n - a potion of berserk rage {unknown}


   Skills:
 + Level 2.5 Fighting
 + Level 2.8 Long Blades
 - Level 1.7 Throwing
 + Level 0.6 Armour
 + Level 2.8 Dodging


You had one spell level left.
You didn't know any spells.
Your spell library was empty.

Dungeon Overview and Level Annotations

Branches:
Dungeon (2/15)

Altars:


Innate Abilities, Weirdness & Mutations

You thrive by killing the living.
You are immune to poison.
You have sharp fingernails.
Your flesh is cold resistant. (rC+)
You are immune to negative energy. (rN+++)
You do not regenerate when monsters are visible.
You are immune to unholy pain and torment.
You can survive without breathing.


Message History

The adder misses you.
The sky beast flickers out of sight!
Deactivating autopickup; reactivate with Ctrl-A.
You barely miss the adder.
The adder is lightly wounded.
The adder bites you.
* * * LOW HITPOINT WARNING * * *
The adder misses you.
A sky beast appears from thin air!
Reactivating autopickup.
You hit the adder.
The adder is heavily wounded.
The adder closely misses you. The adder barely misses you.
You riposte.
You completely miss the adder.
The adder is heavily wounded.
You closely miss the adder.
The adder is heavily wounded.
The adder closely misses you.
You barely miss the adder.
The adder is heavily wounded.
The adder barely misses you. The adder bites you.
You die...

#...# ##
#.... .#
#....###.#
#.....#..
#.....#.##
#........#
#......Y<#
......##S##
.#### #@#
#.# ..#
.### .# #.
. #


You could see a sky beast and an adder.

Vanquished Creatures
  A ball python (D:1)
  A giant cockroach (D:1)
  2 goblins
  3 jackals (D:1)
  A bat (D:1)
  A kobold (D:1)
  A rat (D:1)
10 creatures vanquished.

Notes
Turn   | Place    | Note
-------+----------+-------------------------------------------
     0 | D:1      | Borgoz the Ghoul Gladiator began the quest for the Orb.
     0 | D:1      | Reached XP level 1. HP: 17/17 MP: 0/0
   387 | D:1      | Reached XP level 2. HP: 18/25 MP: 1/1
   800 | D:2      | Noticed a sky beast
   815 | D:2      | Slain by an adder

Illustrated notes

Levels and vault maps discovered:
D:1:      evilmike_arrival_hilbert_curve, layout_rooms
D:2:      minmay_chambers_of_twos, layout_rooms, good_gods_temple_1,
          lemuel_doored_altar, minmay_cut_off

Action                   || total
-------------------------++-------
Melee: Long sword        ||    42
  Use: Potion            ||     1
Armor: Leather armour    ||    19
Dodge: Dodged            ||    58
       Rpst.: Long sword ||    22

Table legend: (Time is in decaauts)
 A = Elapsed time spent in this place.
 B = Non-inter-level travel time spent in this place.
 C = Inter-level travel time spent in this place.
 D = Time resting spent in this place.
 E = Time spent auto-exploring this place.
 F = Levels seen in this place.
 G = Mean time per level.
                   A        B        C        D        E       F      G
               +--------+--------+--------+--------+--------+-----+--------+
         Total |    825 |    785 |     40 |    206 |    489 |   2 |  412.5 |
       Dungeon |    825 |    785 |     40 |    206 |    489 |   2 |  412.5 |
               +--------+--------+--------+--------+--------+-----+--------+

Top non-repeatable levels by time:
     D:1: 808 daAuts
     D:2: 17 daAuts
